 Dungeon Crawl Stone Soup version 0.30-a0-571-gdf30a72648 (webtiles) character file.

Game seed: 15352502170615177721

3134 Farfigtubin the Geomancer (level 9, -5/45 HPs)
             Began as a Gargoyle Earth Elementalist on Dec 27, 2022.
             Was an Initiate of Dithmenos.
             Slain by a boulder beetle (28 damage)
             ... on level 8 of the Dungeon on Dec 29, 2022.
             The game lasted 01:26:48 (9619 turns).

Farfigtubin the Geomancer (GrEE)                    Turns: 9619, Time: 01:26:49

Health: -5/45      AC:  8    Str: 11    XL:     9   Next: 92%
Magic:  13/19      EV: 12    Int: 21    God:    Dithmenos [......]
Gold:   367        SH:  0    Dex: 10    Spells: 15/21 levels left

rFire   . . .      SeeInvis +    (no weapon)
rCold   . . .      Faith    .    (no shield)
rNeg    + . .      Spirit   .    (no body armour)
rPois   ∞          Reflect  .    (no helmet)
rElec   +          Harm     .    F - +1 cloak
rCorr   .          Rampage  .    (no gloves)
Will    .....                    (no boots)
Stlth   ++                       (no amulet)
HPRegen 0.27/turn                y - ring of see invisible
MPRegen 0.16/turn                t - ring of wizardry

@: brilliant
A: sickness immunity, AC +6, negative energy resistance 1, electricity
resistance, torment resistance 1, petrification resistance
a: Renounce Religion


You were on level 8 of the Dungeon.
You worshipped Dithmenos.
Dithmenos was noncommittal.
You visited 2 branches of the dungeon, and saw 9 of its levels.

You collected 367 gold pieces.

Inventory:

Missiles
 c - a throwing net
Armour
 F - a +1 cloak (worn)
Magical Staves
 l - a staff of poison
Jewellery
 s - a ring of positive energy
 t - a ring of wizardry (right hand)
 y - a ring of see invisible (left hand)
Wands
 a - a wand of charming (7)
 v - a wand of roots (7)
Scrolls
 e - a scroll of enchant weapon {unknown}
 g - 2 scrolls of teleportation
 h - 2 scrolls of fog {unknown}
 j - 2 scrolls of poison {unknown}
 p - a scroll of brand weapon {unknown}
 q - 3 scrolls of silence {unknown}
 r - 2 scrolls of magic mapping {unknown}
 u - 2 scrolls of fear {unknown}
 z - 2 scrolls of immolation
 B - 2 scrolls of noise {unknown}
 D - a scroll of blinking {unknown}
Potions
 b - 2 potions of magic
 d - 2 potions of might
 f - 5 potions of curing {unknown}
 i - 2 potions of heal wounds
 k - 2 potions of resistance
 m - 2 potions of attraction
 n - 3 potions of mutation {unknown}
 o - 2 potions of brilliance
 w - 2 potions of flight {unknown}
 x - a potion of degeneration {unknown}
 A - 2 potions of haste {unknown}
 C - a potion of lignification {unknown}
 E - a potion of ambrosia {unknown}


   Skills:
 + Level 2.5 Dodging
 + Level 4.4 Stealth
 + Level 6.8 Spellcasting
 * Level 8.8 Conjurations
 + Level 0.7 Transmutations
 + Level 9.1 Earth Magic


You had 15 spell levels left.
You knew the following spells:

 Your Spells              Type           Power      Damage    Failure   Level
a - Sandblast             Erth           100%       2d20      1%          1
b - Stone Arrow           Conj/Erth      100%       3d13      1%          3
c - Wereblood             Tmut           15%        N/A       4%          2

Your spell library contained the following spells:

 Spells                   Type           Power      Damage    Failure   Level
 Passwall                 Tmut/Erth      34%        N/A       1%          2
 Beastly Appendage        Tmut           30%        N/A       2%          1
 Petrify                  Tmut/Erth      41%        N/A       4%          4
 Ensorcelled Hibernation  Hex/Ice        20%        N/A       6%          2
 Sticky Flame             Conj/Fire      38%        2d6       6%          4
 Ignite Poison            Fire/Tmut/Pois 12%        N/A       10%         3
 Spider Form              Tmut/Pois      13%        N/A       10%         3
 Swiftness                Air            10%        N/A       11%         3
 Yara's Violent Unravell  Hex/Tmut       6%         3d5       61%         5
 Conjure Ball Lightning   Conj/Air       19%        3x3d6     63%         6
 Enfeeble                 Hex            5%         N/A       100%        7
 Discord                  Hex            5%         N/A       100%        8
 Disjunction              Tloc           5%         N/A       100%        8
 Ignition                 Fire           5%         3d4       100%        8


Dungeon Overview and Level Annotations

Branches:
Dungeon (8/15)             Temple (1/1) D:6
   Lair: D:8-11

Altars:
Cheibriados
Dithmenos
Elyvilon
Fedhas
Gozag
Kikubaaqudgha
Nemelex Xobeh
Okawaru
Qazlal
Ru
Sif Muna
Trog
Uskayaw
Vehumet
Wu Jian
Xom
Yredelemnul
Zin

Shops:
D:1 *   D:4 [

Annotations:
D:7 1 runed translucent door, PyroL's ghost, novice OpFE


Innate Abilities, Weirdness & Mutations

You are immune to sickness and miasma.
Your stone body is resilient. (AC +6)
You are immune to poison.
You resist negative energy. (rN+)
You are resistant to electric shocks. (rElec)
You are resistant to unholy torment.
You are immune to petrification.


Message History

Found 3 stones.
Found 4 poisoned darts.
Press: ? - help, v - describe, . - travel The floor.
There is a cloud of grey smoke here.
There is an open door here.
Found a stone staircase leading down.
A centaur comes into view.
Casting: Stone Arrow (safe; 1% risk of failure)
Confirm with . or Enter, or press ? or * to list all spells.
Okay, then.
The centaur shouts!
The centaur wields a +0 shortbow.
The centaur shoots an arrow.
The arrow hits you.
The centaur shoots an arrow.
The arrow hits you!
The centaur shoots an arrow.
The arrow barely misses you.
The centaur shoots an arrow.
The arrow hits you.
The centaur shoots an arrow.
The arrow barely misses you.
The centaur shoots an arrow.
The arrow hits you but does no damage.
A boulder beetle comes into view.
The boulder beetle curls into a ball and begins rolling!
Casting: Stone Arrow (safe; 1% risk of failure)
Confirm with . or Enter, or press ? or * to list all spells.
Aiming: Stone Arrow (safe; 1% risk of failure)
Press: ? - help, Shift-Dir - straight line, f - centaur
Aim: a centaur, wielding a +0 shortbow (85% to hit)
The stone arrow hits the centaur!
The centaur is almost dead.
Casting: Stone Arrow (safe; 1% risk of failure)
Confirm with . or Enter, or press ? or * to list all spells.
Aiming: Stone Arrow (safe; 1% risk of failure)
Press: ? - help, Shift-Dir - straight line, f/p - centaur
Aim: a centaur, wielding a +0 shortbow (severely wounded, 85% to hit)
The stone arrow hits the centaur!!
You kill the centaur!
Dithmenos accepts your kill.
Your Earth Magic skill increases to level 9!
You feel clever all of a sudden. The boulder beetle hits you!!
Ouch! That really hurt!
You die...

#### ...# #####
...######...########
...'..........).@B>#
...######.....####°#
...# #.....# ○..
#### ###...# .°...
#...# ..°..# #...#
.....# #...# ~~~..#
#.c.# ~≈≈..# #...#


You could see a boulder beetle (rolling).

Vanquished Creatures
  A two-headed ogre (D:8)
  Pikel (D:7)
  A water moccasin (D:8)
  2 sky beasts (D:7)
  2 ogres (D:5)
  3 centaurs
  A phantom (D:4)
  A kobold brigand (D:7)
  3 scorpions
  2 bullfrogs
  A necrophage (D:5)
  5 wights (D:8)
  A howler monkey (D:5)
  A hound (D:7)
  A gnoll bouda (D:6)
  2 jellies
  2 orc priests
  Crazy Yiuf (D:7)
  Jessica (D:3)
  An iguana (D:7)
  Terence (D:2)
  2 orc wizards
  3 adders (D:3)
  8 gnolls
  2 ufetubi
  A worm (D:4)
  2 dart slugs
  24 orcs
  5 ball pythons
  5 bats
  8 endoplasms
  A giant cockroach (D:1)
  6 goblins
  7 hobgoblins
  3 jackals
  5 quokkas
  4 frilled lizards
  16 kobolds
  23 rats
159 creatures vanquished.

Notes
Turn   | Place    | Note
-------+----------+-------------------------------------------
     0 | D:1      | Farfigtubin the Gargoyle Earth Elementalist began the quest
                  | for the Orb.
     0 | D:1      | Reached XP level 1. HP: 10/10 MP: 3/3
    81 | D:1      | Found Lywil's Assorted Antiques.
   127 | D:1      | Reached XP level 2. HP: 15/15 MP: 1/5
   199 | D:1      | Reached skill level 4 in Earth Magic
   591 | D:1      | Reached XP level 3. HP: 15/19 MP: 2/6
   613 | D:1      | Learned a level 3 spell: Stone Arrow
  1513 | D:2      | Noticed Terence
  1515 | D:2      | Killed Terence
  1516 | D:2      | Reached XP level 4. HP: 24/24 MP: 1/8
  2001 | D:3      | Reached skill level 1 in Conjurations
  2286 | D:4      | Reached skill level 5 in Earth Magic
  2707 | D:4      | Reached XP level 5. HP: 28/28 MP: 0/9
  3067 | D:4      | Noticed a phantom
  3100 | D:4      | Killed a phantom
  3808 | D:3      | Reached XP level 6. HP: 32/32 MP: 7/11
  4146 | D:3      | Noticed Jessica
  4147 | D:3      | Killed Jessica
  5006 | D:4      | Identified the +0 ring mail of Impatience {rC+}
  5050 | D:4      | Found a shadowy altar of Dithmenos.
  5054 | D:4      | Found a hide-covered altar of Uskayaw.
  5054 | D:4      | Found a sacrificial altar of Ru.
  5056 | D:4      | Found a shimmering altar of Xom.
  5056 | D:4      | Found an ancient bone altar of Kikubaaqudgha.
  5056 | D:4      | Found a radiant altar of Vehumet.
  5269 | D:4      | Found Houl's Antique Armour Boutique.
  5286 | D:4      | Reached skill level 6 in Earth Magic
  5507 | D:5      | Entered Level 5 of the Dungeon
  5801 | D:5      | Reached XP level 7. HP: 36/36 MP: 9/13
  6524 | D:5      | Reached skill level 7 in Earth Magic
  6524 | D:5      | Reached XP level 8. HP: 32/41 MP: 5/15
  6643 | D:5      | Found an ornate altar of the Wu Jian Council.
  6741 | D:6      | Found a shimmering blue altar of Sif Muna.
  6741 | D:6      | Found an iron altar of Okawaru.
  6901 | D:6      | Found a shadowy altar of Dithmenos.
  6918 | D:6      | Reached skill level 5 in Conjurations
  6945 | D:6      | Became a worshipper of Dithmenos the Shadowed
  6995 | D:6      | Found a sacrificial altar of Ru.
  7212 | D:6      | Reached skill level 5 in Spellcasting
  7542 | D:6      | Found a staircase to the Ecumenical Temple.
  7554 | Temple   | Entered the Ecumenical Temple
  7673 | D:6      | Found a hide-covered altar of Uskayaw.
  7674 | D:6      | Found an opulent altar of Gozag.
  7677 | D:6      | Found a white marble altar of Elyvilon.
  8000 | D:7      | Identified the +1 robe of Hedge Wizardry {Harm rElec Str-2
                  | SInv}
  8020 | D:7      | Noticed Pikel
  8032 | D:7      | Killed Pikel
  8033 | D:7      | Reached XP level 9. HP: 36/45 MP: 2/17
  8202 | D:7      | Reached skill level 8 in Earth Magic
  8558 | D:7      | Found a runed translucent door.
  8560 | D:7      | Noticed a troll
  8560 | D:7      | Noticed PyroL's ghost (novice OpFE)
  8563 | D:7      | Upgraded the game from 0.30-a0-557-ge2afbf3030 to
                  | 0.30-a0-571-gdf30a72648
  8905 | D:7      | Found a runed translucent door.
  8906 | D:7      | Noticed Crazy Yiuf
  8912 | D:7      | Killed Crazy Yiuf
  9059 | D:8      | Noticed a two-headed ogre
  9376 | D:8      | Learned a level 2 spell: Wereblood
  9386 | D:8      | Killed a two-headed ogre
  9614 | D:8      | Noticed a boulder beetle
  9618 | D:8      | Reached skill level 9 in Earth Magic
  9619 | D:8      | Slain by a boulder beetle

Illustrated notes

Levels and vault maps discovered:
D:1:      dpeg_arrival_round_b, layout_loops_ring, serial_shops,
          nicolae_shop_advertising_works [nicolae_subvault_shop_adworks],
          roderic_lattice_a, minivault_5
D:2:      layout_rooms, minmay_misc_feat_more_columns, nicolae_titane,
          uniq_terence
D:3:      layout_basic, minmay_rat_hole, uniq_jessica
D:4:      layout_gridville, doesnt_xom_only_xom, serial_shops,
          nicolae_shop_behind_doors, kennysheep_decorative_pillar,
          kennysheep_generic_room_16
D:5:      layout_cave_pools, nicolae_wu_jian_glorious_leap,
          minmay_misc_feat_ornament, kennysheep_generic_room_15
D:6:      layout_basic, mainiacjoe_overflow_paths,
          nicolae_ru_sacrificial_ziggurat, nicolae_overflow_hidden_temple,
          minmay_temple_entry_mini_moons
D:7:      layout_basic, ebering_ghost_inner_flame, uniq_crazy_yiuf_cottage,
          uniq_pikel
D:8:      layout_basic, nzn_hepliaklqana_mist_gate
Temple:   kb_temple_of_zot

Skill      XL: |  1  2  3  4  5  6  7  8  9 |
---------------+----------------------------+-----
Earth Magic    | 4 5 6 7 9 |  9.1
Spellcasting   | 3 4 5 6 |  6.8
Conjurations   | 1 2 3 4 6 8 |  8.8
Dodging        | 2 |  2.5
Stealth        | 3 4 |  4.4
Transmutations | |  0.7

Action                   |  1- 3 |  4- 6 |  7- 9 || total
-------------------------+-------+-------+-------++-------
 Cast: Sandblast         |    37 |    43 |     1 ||    81
       Stone Arrow       |    11 |    73 |    93 ||   177
       Wereblood         |       |       |     1 ||     1
  Use: Scroll            |       |     6 |       ||     6
       Potion            |       |       |     2 ||     2
Armor: Robe              |     6 |    17 |     6 ||    29
       Skin              |       |       |     2 ||     2
Dodge: Dodged            |    12 |    42 |    17 ||    71

Table legend: (Time is in decaauts)
 A = Elapsed time spent in this place.
 B = Non-inter-level travel time spent in this place.
 C = Inter-level travel time spent in this place.
 D = Time resting spent in this place.
 E = Time spent auto-exploring this place.
 F = Levels seen in this place.
 G = Mean time per level.
                   A        B        C        D        E       F      G
               +--------+--------+--------+--------+--------+-----+--------+
         Total |   9666 |   9525 |    141 |   3203 |   1964 |   9 | 1074.0 |
       Dungeon |   9586 |   9445 |    141 |   3203 |   1964 |   8 | 1198.2 |
        Temple |     79 |     79 |      0 |      0 |      0 |   1 |   79.0 |
               +--------+--------+--------+--------+--------+-----+--------+

Top non-repeatable levels by time:
     D:3: 2090 daAuts
     D:4: 2032 daAuts
     D:7: 1353 daAuts
     D:1: 1140 daAuts
     D:5: 952 daAuts
     D:6: 845 daAuts
     D:2: 672 daAuts
     D:8: 498 daAuts
  Temple: 79 daAuts
